 Seeded DCSS version 0.29.1-15-g9cfb28693d (webtiles) character file.

Game seed: 1 (custom seed)

188595 Kazon the Carver (level 18, -22/86 (95) HPs)
             Began as a Vine Stalker Fighter on Mar 7, 2023.
             Was the Champion of Makhleb.
             Annihilated by Donald
             ... wielding a +0 double sword
              (33 damage)
             ... on level 2 of the Orcish Mines on Mar 9, 2023.
             The game lasted 02:41:00 (22523 turns).

Kazon the Carver (Vine Stalker Fighter)            Turns: 22523, Time: 02:41:01

HP:   -22/86 (95)   AC: 22    Str: 18    XL:     18   Next: 10%
MP:   0/26          EV: 22    Int:  7    God:    Makhleb [******]
Gold: 3350          SH: 11    Dex: 33    Spells: 17/17 levels left

rFire   + + +      SeeInvis +   r - +1 rapier (vorpal)
rCold   + + .      Faith    .   c - +2 buckler
rNeg    . . .      Spirit   +   Z - +6 scale mail "Voetobuo" {Int-3 Dex+8}
rPois   +          Reflect  .   l - +1 hat of Untruth {rC++ rCorr Str-2 Stlth+}
rElec   .          Harm     .   O - scarf {+Inv}
rCorr   +          Rampage  .   v - +3 pair of gauntlets of War {Slay+5}
Will    ++...                   n - +2 pair of boots
Stlth   +++++++...              Y - amulet "Odemouw" {Contam rPois rF+++ Regen+ Stlth+}
HPRegen 1.84/turn               F - ring of see invisible
MPRegen 0.20/turn               u - +6 ring of dexterity

@: very slightly contaminated, studying Dodging, drained
A: fangs 3, regeneration 1, magic shield, antimagic bite, no potion heal 2
}: 1/15 runes: gossamer
a: Renounce Religion, Evoke Invisibility, Minor Destruction, Lesser Servant of
Makhleb, Major Destruction, Greater Servant of Makhleb


You were on level 2 of the Orcish Mines.
You worshipped Makhleb.
Makhleb was exalted by your worship.
You visited 5 branches of the dungeon, and saw 27 of its levels.

You collected 4310 gold pieces.
You spent 960 gold pieces at shops.

Inventory:

Hand Weapons
 f - the +2 Maxwell's thermic engine {flame, freeze}
   (You found it on level 1 of the Lair of Beasts)

   It burns those it strikes, dealing additional fire damage.
   Big, fiery blades are also staple armaments of hydra-hunters.
   It freezes those it strikes, dealing additional cold damage.
   It can also slow down cold-blooded creatures.
   It becomes more effective when it hits something.
   This effect fades over time.
 r - a +1 vorpal rapier (weapon)
 s - the +3 falchion of Winter {venom, rCorr}
   (You bought it in a shop on level 3 of the Dungeon)

   It poisons the flesh of those it strikes.
   rCorr:     It protects you from acid and corrosion.
Missiles
 a - 6 javelins
 h - 5 datura-tipped darts
 k - 3 curare-tipped darts
 q - 25 boomerangs (quivered)
 C - a throwing net
 L - 25 poisoned darts
Armour
 c - a +2 buckler (worn)
 l - the +1 hat of Untruth (worn) {rC++ rCorr Str-2 Stlth+}
   (You found it on level 14 of the Dungeon)

   Str:       It affects your strength (-2).
   rC:        It greatly protects you from cold.
   rCorr:     It protects you from acid and corrosion.
   Stlth:     It makes you more stealthy.
 n - a +2 pair of boots (worn)
 v - the +3 pair of gauntlets of War (worn) {Slay+5}
   (You acquired it on level 1 of the Dungeon)

   Slay:      It affects your accuracy & damage with ranged weapons and melee
   (+5).
 O - a scarf of invisibility (worn)
 X - a +2 cloak
 Z - the +6 scale mail "Voetobuo" (worn) {Int-3 Dex+8}
   (You found it on level 14 of the Dungeon)

   Int:       It affects your intelligence (-3).
   Dex:       It affects your dexterity (+8).
Jewellery
 m - a ring of protection from cold
 u - a +6 ring of dexterity (right hand)
 F - a ring of see invisible (left hand)
 Y - the amulet "Odemouw" (around neck) {Contam rPois rF+++ Regen+ Stlth+}
   (You bought it in a shop on level 8 of the Dungeon)

   [amulet of regeneration]

   rF:        It renders you almost immune to fire.
   rPois:     It protects you from poison.
   Contam:    It causes magical contamination when unequipped.
   Regen:     It increases your rate of health regeneration.
   Stlth:     It makes you more stealthy.
Wands
 e - a wand of roots (17)
 A - a wand of mindburst (23)
 B - a wand of flame (2)
 J - a wand of paralysis (18)
 T - a wand of polymorph (11)
Scrolls
 i - 4 scrolls of immolation
 j - 2 scrolls of silence
 o - a scroll of blinking
 p - 2 scrolls of poison
 t - 4 scrolls of fog
 w - 2 scrolls of noise
 y - 2 scrolls of magic mapping
 z - 5 scrolls of teleportation
 M - 3 scrolls of fear
 Q - 2 scrolls of summoning
Potions
 b - 3 potions of berserk rage
 d - 5 potions of might
 g - 5 potions of haste
 x - 11 potions of lignification
 D - a potion of invisibility
 E - 3 potions of cancellation
 H - 5 potions of magic
 I - 9 potions of curing
 K - 2 potions of resistance
Miscellaneous
 P - a condenser vane (inert)
 R - a lightning rod (4/4)
 U - a phantom mirror
 V - a phial of floods


   Skills:
 * Level 10.9 Fighting
 + Level 9.8(12.5) Short Blades
 + Level 12.3(13.6) Long Blades
 + Level 8.1 Throwing
 + Level 6.4 Armour
 * Level 11.9 Dodging
 + Level 12.0 Stealth
 + Level 9.2 Shields
 + Level 9.5 Invocations
 * Level 12.0 Evocations


You had 17 spell levels left.
You didn't know any spells.
Your spell library contained the following spells:

 Spells                   Type           Power      Damage    Failure   Level
 Apportation              Tloc           0%         N/A       86%         1
 Magic Dart               Conj           0%         1d3       86%         1
 Necrotise                Necr           0%         1d4       86%         1
 Sting                    Tmut/Pois      0%         1d3       86%         1
 Summon Small Mammal      Summ           0%         N/A       86%         1
 Call Imp                 Summ           0%         N/A       94%         2
 Poisonous Vapours        Pois/Air       0%         N/A       94%         2
 Dazzling Flash           Conj/Hex       0%         N/A       99%         3
 Mephitic Cloud           Conj/Pois/Air  0%         N/A       99%         3
 Ozocubu's Armour         Ice            0%         N/A       99%         3
 Animate Armour           Summ/Erth      0%         N/A       100%        4
 Iskenderun's Mystic Bla  Conj/Tloc      0%         2d3       100%        4
 Olgreb's Toxic Radiance  Pois           0%         N/A       100%        4
 Summon Ice Beast         Ice/Summ       0%         N/A       100%        4
 Alistair's Intoxication  Tmut/Pois      0%         N/A       100%        5
 Blade Hands              Tmut           0%         N/A       100%        5
 Fireball                 Conj/Fire      0%         3d3       100%        5
 Iskenderun's Battlesphe  Conj           0%         2d6       100%        5
 Metabolic Englaciation   Hex/Ice        0%         N/A       100%        5
 Summon Mana Viper        Hex/Summ       0%         N/A       100%        5
 Conjure Ball Lightning   Conj/Air       0%         3x3d6     100%        6
 Iron Shot                Conj/Erth      0%         9d1       100%        6
 Simulacrum               Ice/Necr       0%         N/A       100%        6
 Starburst                Conj/Fire      0%         6d3       100%        6
 Monstrous Menagerie      Summ           0%         N/A       100%        7
 Orb of Destruction       Conj           0%         9d5       100%        7
 Ozocubu's Refrigeration  Ice            0%         4d7       100%        7


Dungeon Overview and Level Annotations

Branches:
Dungeon (15/15)            Temple (1/1) D:7            Lair (5/5) D:10
 Shoals (0/4) Lair:3       Spider (4/4) Lair:3        Slime (0/5) Lair:4
    Orc (2/2) D:12         Vaults (0/5) D:13         Depths (0/4) D:15
    Elf: Orc:2

Altars:
Ashenzari
Elyvilon
Gozag
Hepliaklqana
Kikubaaqudgha
Makhleb
Okawaru
Qazlal
Uskayaw
Jiyva

Shops:
D:3 (   D:8 ?(==   D:10 :   D:13 !

Annotations:
Orc:2 Donald


Innate Abilities, Weirdness & Mutations

You have razor-sharp teeth.
Your natural rate of healing is unusually fast.
When hurt, damage is shared between your health and your magic reserves.
Your bite disrupts and absorbs the magic of your enemies.
Potions cannot restore your health.


Message History

You block Donald's attack.
The orc wizard gestures wildly while chanting.
The orc wizard flickers and vanishes for a moment.
Found 16 gold pieces.
Donald hits you with a +0 double sword. Donald hits you with a +0 double sword!
Donald attacks as you move away! You block Donald's attack.
The orc warrior barely misses you.
Donald hits you with a +0 double sword!!
The orc closely misses you.
Donald says, "I can never work out what any of these scrolls mean."
Donald attacks as you move away! You block Donald's attack.
Found 15 gold pieces.
The orc priest invokes the aid of Beogh against you.
Beogh smites you! The orc wizard closely misses you.
Donald hits you with a +0 double sword!!
* * * LOW HITPOINT WARNING * * *
The orc wizard casts a spell.
The orc wizard flickers and vanishes for a moment.
The orc wizard points at you and mumbles some strange words.
The magic dart hits you!
* * * LOW HITPOINT WARNING * * *
Clouds of freezing vapour condense around you!
The condenser dries out!
Donald is engulfed in freezing vapours.
Donald hits you with a +0 double sword!
* * * LOW HITPOINT WARNING * * *
The orc priest is engulfed in freezing vapours.
The orc is engulfed in freezing vapours. x2
The orc warrior is engulfed in freezing vapours.
The orc priest is engulfed in freezing vapours.
The orc is engulfed in freezing vapours.
You kill the orc!
Makhleb accepts your kill.
You feel better.
The orc wizard is engulfed in freezing vapours. x2
The orc is engulfed in freezing vapours.
You kill the orc!
Makhleb accepts your kill.
You feel better.
Donald is engulfed in freezing vapours.
Donald hits you with a +0 double sword!!
You die...

### ##.# ### #...###
#.## ##..##.##... ..
#...#...##.##
....#..§#§o.#...#
.....$.@@#..#...##### #
.#.....o§o§§§§...#..###.
#......§§ooo§§§.........
#....#.§§o§§o§§.........
#........§§§o§§.......#.
.........#..§§§.........
.$......#.#..§§.......#.
.....................#.#
...........#....$......


You could see Donald (fast, strong, reflecting), an orc warrior, 2 orc priests,
4 orc wizards and 2 orcs.

Vanquished Creatures
  Mara (Spider:4)
  Rupert (D:12)
  6 emperor scorpions
  4 ghost moths
  3 broodmothers
  Nessos (D:12)
  An entropy weaver (shapeshifter) (D:14)
  3 spark wasps
  Snorg (D:14)
  A dire elephant (D:15)
  Azrael (D:12)
  3 entropy weavers
  A fire dragon (D:13)
  A great orb of eyes (D:15)
  4 boulder beetles
  Fannar (Lair:2)
  The ghost of nshep25 the Eclecticist, a journeyman DECj of Vehumet (D:14)
  4 hydras
  Erolcha (D:10)
  4 catoblepae
  A vault guard (D:13)
  5 centaur warriors
  A jorogumo (Spider:4)
  A death knight (D:14)
  3 two-headed ogres
  An anaconda (shapeshifter) (D:14)
  8 death scarabs (Spider:4)
  A tengu warrior (D:15)
  10 death yaks
  Urug (Orc:1)
  2 spectral emperor scorpions (Spider:4)
  5 skeletal warriors
  13 pharaoh ants
  A fire crab (D:13)
  A sun moth (Spider:1)
  Lodul (D:12)
  8 steelbarb worms
  7 orb spiders
  A wizard (D:14)
  3 spriggan simulacra (D:14)
  A harpy (D:14)
  7 spectral wolf spiders
  An orc knight (D:15)
  2 orc sorcerers (Orc:1)
  A broodmother zombie (Spider:4)
  8 wolf spider zombies
  20 wolf spiders
  5 cyclopes
  2 deep elf pyromancers
  6 ugly things
  5 manticores
  3 moths of wrath
  5 elephants (Lair:4)
  5 black mambas
  11 cane toads
  8 torpor snails
  Maggie (D:6)
  4 rime drakes
  2 unseen horrors
  A rime drake (shapeshifter) (D:15)
  3 kobold demonologists (D:11)
  2 freezing wraiths (D:14)
  15 komodo dragons
  3 spectral redbacks (Spider:4)
  13 demonic crawlers
  A tengu conjurer (D:12)
  3 efreet
  3 redback zombies (Spider:4)
  5 trolls
  8 meliai (Spider:4)
  Prince Ribbit (D:9)
  A meliai (shapeshifter) (D:13)
  A queen bee (Spider:4)
  A spectral culicivora (Spider:4)
  2 spectral jumping spiders (Spider:4)
  A polar bear (Lair:4)
  2 jumping spider zombies (Spider:4)
  17 blink frogs
  25 tarantellas
  2 tarantella zombies (Spider:4)
  2 wolf spider simulacra (Spider:1)
  5 slime creatures (D:15)
  A culicivora zombie (Spider:4)
  5 dream sheep (Lair:4)
  A snapping turtle (Lair:3)
  2 shadows
  30 jumping spiders
  2 vampires
  63 yaks
  30 culicivoras
  2 wraiths (D:12)
  2 fire elementals
  4 wyverns
  Eustachio (D:5)
  6 vampire mosquitoes
  50 redbacks
  2 steam dragons
  5 basilisks
  3 minotaur simulacra (D:14)
  Menkaure (D:5)
  Edmund (D:6)
  2 wargs (Orc:1)
  2 acid dragons
  16 water moccasins
  2 hell hounds
  12 orc warriors
  An ice beast (D:8)
  5 sky beasts
  2 black bears (D:6)
  5 centaurs
  9 ogres
  A wolf (D:10)
  2 phantoms (D:6)
  3 kobold brigands
  3 necrophages
  6 bullfrogs
  2 deep troll simulacra (D:14)
  A gnoll sergeant (D:7)
  10 scorpions
  21 wights
  18 killer bees
  3 electric eels
  A howler monkey (D:5)
  2 jellies (D:6)
  6 hounds
  9 orc priests
  A gnoll bouda (D:7)
  6 iguanas
  11 orc wizards
  4 hell rats (Lair:3)
  Robin (D:3)
  15 gnolls
  13 adders
  3 shadow imps
  2 white imps (D:7)
  An ufetubus (D:5)
  4 worms
  49 orcs
  11 endoplasms
  3 giant cockroaches
  16 goblins
  9 hobgoblins
  A jackal (D:4)
  26 kobolds
  A quokka (D:1)
  5 ball pythons
  4 bats
  3 frilled lizards
  6 rats
881 creatures vanquished.

Vanquished Creatures (collateral kills)
  A spark wasp (Spider:3)
  A wolf spider (Spider:1)
  A demonic crawler (Spider:4)
  A kobold demonologist (D:11)
  A meliai (Spider:4)
  A jumping spider (Spider:4)
  A killer bee (Spider:4)
  A kobold (D:11)
8 creatures vanquished.

Vanquished Creatures (others)
  2 centaur simulacra (D:14)
  28 fungi
  36 plants
66 creatures vanquished.

Grand Total: 955 creatures vanquished

Notes
Turn   | Place    | Note
-------+----------+-------------------------------------------
     0 | D:1      | Kazon the Vine Stalker Fighter began the quest for the Orb.
     0 | D:1      | Reached XP level 1. HP: 11/11 MP: 2/2
    36 | D:1      | Identified a scroll of acquirement
    36 | D:1      | Acquired the +3 pair of gauntlets of War {Slay+5}
    36 | D:1      | Found the +3 pair of gauntlets of War {Slay+5}
   122 | D:1      | Reached XP level 2. HP: 16/16 MP: 3/3
   738 | D:2      | Reached XP level 3. HP: 20/20 MP: 4/4
  1198 | D:2      | Gained mutation: Your natural rate of healing is unusually
                  | fast. [Vine Stalker growth]
  1198 | D:2      | Reached XP level 4. HP: 24/24 MP: 5/5
  1371 | D:3      | Found Umat's Antique Weapon Boutique.
  1398 | D:3      | Bought a crude falchion for 184 gold pieces
  1398 | D:3      | Identified the +3 falchion of Winter {venom, rCorr} (You
                  | bought it in a shop on level 3 of the Dungeon)
  1487 | D:3      | Noticed Robin
  1494 | D:3      | Killed Robin
  1495 | D:3      | Reached XP level 5. HP: 26/27 MP: 6/6
  1605 | D:3      | Reached skill level 1 in Dodging
  1716 | D:3      | Reached skill level 5 in Stealth
  1716 | D:3      | Reached skill level 5 in Shields
  1716 | D:3      | Reached XP level 6. HP: 35/35 MP: 7/7
  1994 | D:4      | Reached skill level 5 in Fighting
  1994 | D:4      | Reached skill level 5 in Long Blades
  2109 | D:4      | Reached XP level 7. HP: 39/39 MP: 8/8
  2158 | D:4      | Found a hazy altar of Hepliaklqana.
  2887 | D:5      | Entered Level 5 of the Dungeon
  2919 | D:5      | Noticed Eustachio
  2929 | D:5      | Killed Eustachio
  2930 | D:5      | Reached skill level 1 in Evocations
  2930 | D:5      | Gained mutation: You have razor-sharp teeth. [Vine Stalker
                  | growth]
  2930 | D:5      | Reached XP level 8. HP: 43/43 MP: 9/9
  2938 | D:5      | Reached skill level 5 in Armour
  3338 | D:5      | Noticed Menkaure
  3348 | D:5      | Killed Menkaure
  3696 | D:6      | Reached XP level 9. HP: 24/47 MP: 10/10
  3804 | D:7      | Found a staircase to the Ecumenical Temple.
  3815 | Temple   | Entered the Ecumenical Temple
  3820 | Temple   | Became a worshipper of Makhleb the Destroyer
  3862 | D:7      | Found a hide-covered altar of Uskayaw.
  3955 | D:6      | Reached skill level 1 in Invocations
  3986 | D:6      | Reached * piety under Makhleb
  3998 | D:6      | Noticed Edmund
  4012 | D:6      | Killed Edmund
  4247 | D:6      | Reached XP level 10. HP: 43/51 MP: 7/12
  4301 | D:6      | Noticed Maggie
  4321 | D:6      | Killed Maggie
  4709 | D:7      | Reached skill level 5 in Throwing
  4787 | D:7      | Found a white marble altar of Elyvilon.
  4800 | D:7      | Reached skill level 5 in Short Blades
  4843 | D:7      | Reached ** piety under Makhleb
  5240 | D:8      | Found Quzidd's Magic Scroll Emporium.
  5249 | D:8      | Bought a scroll of teleportation for 42 gold pieces
  5460 | D:8      | Found Esumer's Weapon Shop.
  5579 | D:8      | Found Heidghoki's Jewellery Shop.
  5721 | D:8      | Found Zoxtaeshakh's Jewellery Boutique.
  6245 | D:9      | Noticed a two-headed ogre
  6252 | D:9      | Killed a two-headed ogre
  6527 | D:9      | Reached *** piety under Makhleb
  6535 | D:9      | Reached XP level 11. HP: 56/56 MP: 14/14
  6616 | D:9      | Noticed Prince Ribbit
  6627 | D:9      | Killed Prince Ribbit
  6765 | D:10     | Entered Level 10 of the Dungeon
  6817 | D:10     | Found a staircase to the Lair.
  6892 | D:10     | Noticed Erolcha
  6894 | D:10     | Killed Erolcha
  6913 | D:10     | Identified the +5 long sword of the Land of Plenty {drain,
                  | Dex+3}
  6919 | D:10     | Found Juagoaq's Book Shoppe.
  7291 | D:10     | Reached **** piety under Makhleb
  7351 | D:10     | Reached skill level 5 in Evocations
  7808 | D:11     | Noticed a green ugly thing
  7824 | D:11     | Killed a green ugly thing
  7825 | D:11     | Reached skill level 5 in Invocations
  8029 | D:11     | Noticed a sixfirhy
  8072 | D:11     | Reached XP level 12. HP: 14/61 MP: 4/17
  8707 | D:12     | Noticed Lodul
  8715 | D:12     | Reached skill level 5 in Dodging
  8725 | D:12     | Killed Lodul
  8808 | D:12     | Noticed a two-headed ogre
  8815 | D:12     | Killed a two-headed ogre
  8929 | D:8      | Bought the amulet "Odemouw" {Contam rPois rF+++ Regen+
                  | Stlth+} for 734 gold pieces
  9009 | Lair:1   | Entered Level 1 of the Lair of Beasts
  9092 | Lair:1   | Found the +2 Maxwell's thermic engine {flame, freeze}
  9322 | Lair:1   | You fall into a shaft and drop 1 floor!
  9340 | Lair:2   | Reached ***** piety under Makhleb
  9916 | Lair:2   | Reached XP level 13. HP: 58/66 MP: 18/18
 10002 | Lair:2   | Noticed Fannar
 10021 | Lair:2   | Killed Fannar
 10617 | Lair:3   | Found an ancient bone altar of Kikubaaqudgha.
 10689 | Lair:3   | Found a hole to the Spider Nest.
 11060 | Lair:3   | Found a staircase to the Shoals.
 11371 | Lair:4   | Found a staircase to the Slime Pits.
 11371 | Lair:4   | Found a viscous altar of Jiyva.
 11746 | Lair:4   | Identified the +3 battleaxe "Adididghufym" {antimagic, rF+
                  | Will+}
 11866 | Lair:5   | Entered Level 5 of the Lair of Beasts
 11951 | Lair:5   | Reached ****** piety under Makhleb
 11959 | Lair:5   | Reached XP level 14. HP: 72/72 MP: 20/20
 13241 | D:12     | Noticed Nessos
 13244 | D:12     | Killed Nessos
 13288 | D:12     | Found a staircase to the Orcish Mines.
 13398 | D:12     | Noticed Rupert
 13401 | D:12     | Killed Rupert
 13449 | D:12     | Reached skill level 10 in Stealth
 13722 | D:13     | Noticed Azrael
 13731 | D:12     | Killed Azrael
 14093 | D:13     | Reached skill level 10 in Long Blades
 14117 | D:13     | Found Ituota Roil's Distillery.
 14266 | D:13     | Reached XP level 15. HP: 77/77 MP: 22/22
 14275 | D:13     | Found a gate to the Vaults.
 14554 | Spider:1 | Entered Level 1 of the Spider Nest
 14907 | Spider:1 | Acquired a manual of Dodging
 15005 | Spider:1 | Noticed a ghost moth
 15130 | Spider:1 | Killed a ghost moth
 15408 | Spider:1 | Reached skill level 10 in Evocations
 15701 | Spider:1 | Noticed an emperor scorpion
 15710 | Spider:1 | Killed an emperor scorpion
 16131 | Spider:2 | Noticed an emperor scorpion
 16149 | Spider:2 | Killed an emperor scorpion
 16230 | Spider:2 | Reached XP level 16. HP: 83/83 MP: 23/23
 18031 | Spider:4 | Entered Level 4 of the Spider Nest
 18731 | Spider:4 | Reached skill level 10 in Dodging
 18813 | Spider:4 | Reached XP level 17. HP: 88/88 MP: 22/24
 18844 | Spider:4 | Noticed Mara
 18868 | Spider:4 | Noticed Kazon's illusion
 18893 | Spider:4 | Killed Mara
 19198 | Spider:4 | Reached skill level 10 in Fighting
 20024 | Spider:4 | Got a gossamer rune of Zot
 20436 | Orc:1    | Entered Level 1 of the Orcish Mines
 20467 | Orc:1    | Noticed Urug
 20485 | Orc:1    | Killed Urug
 21143 | D:14     | Found a frozen archway.
 21187 | D:14     | Noticed Snorg
 21190 | D:14     | Killed Snorg
 21256 | D:14     | Identified the +6 scale mail "Voetobuo" {Int-3 Dex+8}
 21574 | D:14     | Found a runed translucent gate.
 21575 | D:14     | Found a runed translucent gate.
 21580 | D:14     | Found a runed translucent gate.
 21581 | D:14     | Noticed nshep25's ghost (journeyman DECj)
 22097 | D:14     | Killed nshep25's ghost
 22116 | D:14     | Identified the +1 hat of Untruth {rC++ rCorr Str-2 Stlth+}
 22162 | D:15     | Entered Level 15 of the Dungeon
 22213 | D:15     | Reached XP level 18. HP: 95/95 MP: 26/26
 22383 | D:15     | Found a staircase to the Depths.
 22477 | Orc:2    | Entered Level 2 of the Orcish Mines
 22500 | Orc:2    | Noticed Donald
 22523 | Orc:2    | Annihilated by Donald

Illustrated notes

Levels and vault maps discovered:
D:1:      dpeg_arrival_three_smaller_balls, layout_basic
D:2:      layout_loops_ring
D:3:      layout_basic, serial_shops, nicolae_shop_stone, st_stairs_9,
          minmay_misc_feat_doors, eino_curves_03, uniq_robin
D:4:      minmay_wonky_spiral, layout_basic,
          mainiacjoe_overflow_surrounded_room, minivault_5
D:5:      layout_cave_pods, uniq_menkaure, uniq_eustachio
D:6:      cheibrodos_barr_body, layout_basic, minmay_crystal_room,
          minmay_pentangle, uniq_maggie, uniq_edmund
D:7:      layout_cave_pools, nicolae_uskayaw_murder_on_the_dancefloor,
          elyvilon_altar_4, minmay_temple_entry_purple_smoke
D:8:      layout_basic, serial_shops, shop_statue, kennysheep_little_box, shop,
          nicolae_shop_window_shopping
D:9:      layout_cave_pools, uniq_prince_ribbit1
D:10:     layout_stronghold, erik_lair_island, serial_shops,
          nicolae_shop_statue_plus, uniq_erolcha
D:11:     layout_roguey
D:12:     layout_loops_ring, orc_0_dummy, chequers_serial_rivers_marsh,
          uniq_lodul, uniq_nessos, uniq_rupert
D:13:     layout_gridville, david_vaults_5, serial_shops,
          nicolae_shop_behind_doors, minmay_fractal_squares_gapless_5,
          uniq_azrael
D:14:     layout_roguey, minmay_misc_feat_secret_circle, gammafunk_ghost_split,
          portal_ice_cave_entry_ice_simulacra, uniq_snorg
D:15:     hangedman_depths_entry_try_elsewhere_first, layout_loops_corners,
          uniq_roxanne
Temple:   nicolae_temple_bog_church
Lair:1:   layout_long_grid, fungi_pond_lemuel, cheibrodos_lair_reptile_den
Lair:2:   layout_gridlike, uniq_fannar
Lair:3:   layout_roguey, minmay_shoals_entry_hut,
          nicolae_spider_entry_non_spiders, basic_altar, serial_bayou_crossing
Lair:4:   layout_gridlike, slime_entry_1, serial_rivers,
          chequers_serial_rivers_room_a, chequers_serial_rivers_micro_c,
          chequers_serial_rivers_room_a, chequers_serial_rivers_micro_e,
          minivault_27, grunt_megastairs_3, infiniplex_staircase_pool_2
Lair:5:   evilmike_catoblepas_cave, layout_long_grid
Spider:1: layout_chambers, nicolae_spider_undead_wolf_pack
Spider:2: layout_cave_pods
Spider:3: layout_spider_delve
Spider:4: floodkiller_spider_rune_tomb, special_room [special_room_bee],
          uniq_mara
Orc:1:    layout_caves, basic_altar, uniq_urug
Orc:2:    st_orc_congregation, layout_caves, gauntlet_entry_generic,
          hellmonk_ghost_happy_afterlife, uniq_donald

Skill      XL: |  1  2  3  4  5  6  7  8  9 10 11 12 13 14 15 16 17 |
---------------+----------------------------------------------------+-----
Long Blades    | 2 4 5 6 7 8 10 11 12 | 12.3
Fighting       | 3 4 5 6 7 8 9 10 | 10.9
Shields        | 3 5 6 7 8 9 |  9.2
Armour         | 3 4 5 6 |  6.4
Dodging        | 3 4 5 6 8 10 11 | 11.9
Short Blades   | 3 4 5 7 8 9 |  9.8
Throwing       | 3 4 5 6 7 8 |  8.1
Stealth        | 5 6 7 8 9 10 11 12 | 12.0
Evocations     | 1 2 4 5 6 8 9 10 11 12 | 12.0
Invocations    | 1 3 5 6 7 8 9 |  9.5

Action                   |  1- 3 |  4- 6 |  7- 9 | 10-12 | 13-15 | 16-18 || total
-------------------------+-------+-------+-------+-------+-------+-------++-------
Melee: Long sword        |    51 |       |       |       |       |       ||    51
       Bite              |    12 |     9 |    57 |   218 |   361 |   385 ||  1042
       Dagger            |     5 |    47 |    14 |       |       |       ||    66
       Falchion          |       |     9 |    97 |   217 |   158 |   318 ||   799
       Rapier            |       |       |    67 |   339 |   362 |   269 ||  1037
       Double sword      |       |       |       |     1 |   256 |   250 ||   507
Throw: Stone             |    11 |    14 |    38 |    50 |       |       ||   113
       Boomerang         |     4 |     9 |    10 |       |    15 |    61 ||    99
       Dart              |       |       |       |     9 |    69 |   234 ||   312
Invok: Minor Destruction |       |       |       |    64 |    64 |    49 ||   177
       Lesser Servant of |       |       |       |     1 |     1 |     6 ||     8
       Major Destruction |       |       |       |       |     1 |     2 ||     3
       Greater Servant o |       |       |       |       |       |     2 ||     2
 Abil: Evoke Invisibilit |       |       |       |       |       |     1 ||     1
Evoke: Wand              |       |       |     2 |     4 |     3 |    69 ||    78
       Condenser vane    |       |       |       |       |     1 |     2 ||     3
       Lightning rod     |       |       |       |       |       |     2 ||     2
       Phantom mirror    |       |       |       |       |       |     1 ||     1
  Use: Scroll            |     1 |       |     3 |     4 |    15 |     4 ||    27
       Potion            |       |     1 |     2 |     1 |       |     2 ||     6
 Stab: Sleeping          |       |     1 |    13 |    21 |    35 |    12 ||    82
       Paralysed         |       |       |       |       |     6 |     6 ||    12
       Distracted        |       |       |       |       |       |     5 ||     5
Armor: Scale mail        |    25 |    21 |    15 |       |       |    28 ||    89
       Leather armour    |       |       |    66 |    79 |       |       ||   145
       Troll leather arm |       |       |       |    26 |   204 |   187 ||   417
Dodge: Dodged            |    34 |    19 |    89 |   208 |   387 |   557 ||  1294
Block: Buckler           |    14 |     5 |    33 |    95 |   263 |   348 ||   758
